 Crawl Stoat Soup version 0.23-ish-327-95-g181beea39d (console) character file.

1157 hilarita the Cudgeler (level 8, -3/84 HPs)
             Began as an Ogre Gladiator on Apr 14, 2024.
             Slain by an orc wizard
             ... wielding a +0 dagger
              (5 damage)
             ... on level 7 of the Dungeon.
             The game lasted 00:18:15 (6095 turns).

hilarita the Cudgeler (Ogre Gladiator)              Turns: 6095, Time: 00:18:17

Health: -3/84      AC:  5    Str: 21    XL:     8   Next: 39%
Magic:  8/8        EV: 11    Int:  9    God:
Gold:   271        SH:  0    Dex: 10    Spells: 7/7 levels left

rFire    . . .     SeeInvis .   a - +0 flail
rCold    . . .     Gourm    .   (no shield)
rNeg     . . .     Faith    .   b - +0 robe
rPois    .         Spirit   .   c - +2 hat
rElec    .         Warding  .   (no cloak)
rCorr    .         Reflect  .   (gloves unavailable)
MR       .....     Harm     .   (boots unavailable)
Stlth    +.........             q - amulet of regeneration
HPRegen  0.64/turn              (no ring)
MPRegen  0.11/turn              (no ring)

@: no status effects
A: large, unfitting armour, tough skin 1
a: no special abilities


You were on level 7 of the Dungeon.
You were not hungry.

You visited 2 branches of the dungeon, and saw 8 of its levels.

You collected 271 gold pieces.

Inventory:

Hand Weapons
 a - a +0 flail (weapon)
 t - a +1 mace of protection
 w - a +0 giant club
Missiles
 d - 3 throwing nets (quivered)
 j - 4 javelins
 s - 37 poisoned darts
 v - 6 curare-tipped darts
Armour
 b - a +0 robe (worn)
 c - a +2 hat (worn)
Jewellery
 q - an amulet of regeneration (around neck)
 u - an uncursed ring of fire
Wands
 i - a wand of mindburst (5 charges)
 y - a wand of flame (20 charges)
 E - a wand of random effects (31 charges)
Scrolls
 e - 4 scrolls of remove curse
 g - 3 scrolls of amnesia
 h - 4 scrolls of teleportation
 D - a scroll of fear
 H - a scroll of magic mapping
Potions
 m - a potion of invisibility {unknown}
 n - 2 potions of cancellation
 p - 2 potions of heal wounds
 r - a potion of might
 x - a potion of magic
 z - 3 potions of flight
 A - a potion of mutation {unknown}
 B - 2 potions of lignification {unknown}
 C - a potion of brilliance {unknown}
 F - a potion of agility {unknown}
Comestibles
 f - 8 bread rations
 k - 8 meat rations
 l - a chunk of flesh
 o - 6 fruits


   Skills:
 + Level 6.4 Fighting
 * Level 7.4 Maces & Flails
 + Level 4.6 Throwing
 + Level 4.7 Dodging


You had 7 spell levels left.
You didn't know any spells.
Your spell library was empty.

Dungeon Overview and Level Annotations

Branches:
Dungeon (7/15)             Temple (1/1) D:4

Altars:
Ashenzari
Cheibriados
Elyvilon
Fedhas
Gozag
Hepliaklqana Ihp'ix
Kikubaaqudgha
Makhleb
Nemelex Xobeh
Qazlal
Ru
Uskayaw
Vehumet
Wu Jian
Xom
Yredelemnul
Zin
The Shining One


Innate Abilities, Weirdness & Mutations

You are too large for most types of armour.
You have tough skin. (AC +1)


Message History

An orc comes into view. It is wielding a club.
The orc wizard hits you with a dagger.
The orc priest invokes the aid of Beogh against you.
Beogh smites you!
* * * LOW HITPOINT WARNING * * *
Something hits you.
* * * LOW HITPOINT WARNING * * *
Throwing (i - inventory) (/) - cycle)
G - a javelin of penetration (quivered)
Press: ? - help, Shift-Dir - straight line, f/p - orc priest
Aim: an orc priest, wielding a club (severely wounded)
You throw a javelin of penetration.
The javelin of penetration pierces through the orc.
The orc is almost dead.
The javelin of penetration completely misses the orc priest.
The javelin of penetration pierces through the orc!
You kill the orc!
The orc wizard hits you with a dagger.
* * * LOW HITPOINT WARNING * * *
Something hits you.
You die...

...................#
...................#
...................# )(
.......!............
...
..........##........
.(.....................
##.##.##...............
#..o. ###.............
...o# #.............
#o)####.........#...
#o@................
####...#####.#...#.
#.......#...##...#...
.....(.###.......#####
...#### ...## .# ####


You could see an orc priest, an orc wizard and 2 orcs.

Vanquished Creatures
  Menkaure (D:6)
  An orc warrior (D:7)
  A centaur (D:5)
  An ogre (D:4)
  2 scorpions
  3 hounds
  3 orc priests
  2 orc wizards
  An iguana (D:4)
  4 worker ants (D:4)
  A hound skeleton (D:6)
  7 gnolls
  8 adders
  2 shadow imps
  An ufetubus (D:4)
  3 oozes
  2 adder skeletons
  2 worms
  2 dart slugs
  6 leopard geckos
  16 orcs
  2 ball pythons
  8 bats
  5 giant cockroaches
  8 goblins
  4 hobgoblins
  2 jackals
  3 weasels
  3 frilled lizards
  10 kobolds
  A leopard gecko skeleton (D:4)
  21 rats (D:2)
  A weasel skeleton (D:5)
137 creatures vanquished.

Notes
Turn   | Place    | Note
-------+----------+-------------------------------------------
     0 | D:1      | hilarita the Ogre Gladiator began the quest for the Orb.
     0 | D:1      | Reached XP level 1. HP: 22/22 MP: 1/1
   261 | D:1      | Reached XP level 2. HP: 16/29 MP: 2/2
   707 | D:1      | Reached XP level 3. HP: 31/37 MP: 3/3
  1300 | D:2      | Reached skill level 4 in Maces & Flails
  1804 | D:2      | Reached XP level 4. HP: 31/45 MP: 4/4
  2367 | D:3      | Found a shattered altar of Ashenzari.
  2497 | D:3      | Reached XP level 5. HP: 45/54 MP: 5/5
  3155 | D:4      | Reached skill level 5 in Maces & Flails
  3163 | D:4      | Reached XP level 6. HP: 23/63 MP: 6/6
  3525 | D:4      | Reached skill level 5 in Fighting
  3527 | D:4      | Reached XP level 7. HP: 48/72 MP: 7/7
  3593 | D:4      | Reached skill level 6 in Maces & Flails
  3799 | D:4      | Found a staircase to the Ecumenical Temple.
  3813 | Temple   | Entered the Ecumenical Temple
  4512 | D:5      | Entered Level 5 of the Dungeon
  4705 | D:5      | Found a burning altar of Makhleb.
  5148 | D:6      | Noticed Menkaure
  5151 | D:6      | Killed Menkaure
  5151 | D:6      | Reached XP level 8. HP: 83/83 MP: 8/8
  5201 | D:6      | HP: 8/83 [poisoned by a scorpion]
  5204 | D:6      | Reached skill level 7 in Maces & Flails
  5594 | D:6      | Found a blossoming altar of Fedhas.
  6094 | D:7      | HP: 6/84 [something (4)]
  6095 | D:7      | HP: 2/84 [orc wizard/dagger (4)]
  6095 | D:7      | Slain by an orc wizard

Vault maps used:
D:1:      saegor_arrival_simple_c, minmay_crystal_room, minmay_cupped
D:2:      first_bread, minmay_rat_hole
D:3:      ashenzari_altar_1, kennysheep_decorative_pillar,
          hangedman_decor_peaks_small
D:4:      minmay_temple_entry_overgrown, nrook_uturn, st_stairs_11,
          chequers_mini_garden, minmay_vboxes
D:5:      basic_altar, minivault_23
D:6:      fedhas_altar_1, uniq_menkaure
D:7:      gammafunk_temple_overflow_claw, tgw_sif
Temple:   regret_index_temple_mists

Skill      XL: |  1  2  3  4  5  6  7  8 |
---------------+-------------------------+-----
Fighting       | 3 4 5 6 |  6.4
Dodging        | 3 4 |  4.7
Maces & Flails | 4 5 6 7 |  7.4
Throwing       | 3 4 |  4.6

Action                   |  1- 3 |  4- 6 |  7- 9 || total
-------------------------+-------+-------+-------++-------
Melee: Flail             |   112 |   175 |   151 ||   438
Throw: Javelin           |       |    13 |    18 ||    31
  Use: Scroll            |     5 |     4 |     7 ||    16
       Potion            |       |       |     1 ||     1
 Stab: Sleeping          |       |     1 |       ||     1
  Eat: Chunk             |     3 |     6 |     7 ||    16
       Fruit             |       |       |     1 ||     1
Armor: Robe              |    42 |    37 |    37 ||   116
Dodge: Dodged            |    68 |   104 |   108 ||   280

Table legend:
 A = Spawn XP
 B = Non-spawn XP
 C = Spawn XP percentage of total XP
 D = Spawn monster count
 E = Non-spawn monster count
 F = Spawn count percentage of total count
 G = Total turns spent on level
                    A         B        C        D         E        F      G
               +---------+---------+-------+---------+---------+-------+---------
         Total |     115 |    1539 |   7.0 |      17 |     120 |  12.4 |  6095
               +---------+---------+-------+---------+---------+-------+---------
           D:1 |       7 |      32 |  17.9 |       5 |      16 |  23.8 |   971
           D:2 |      22 |      85 |  20.6 |       7 |      39 |  15.2 |  1438
           D:3 |       0 |     101 |   0.0 |       0 |      14 |   0.0 |   716
           D:4 |       9 |     589 |   1.5 |       2 |      25 |   7.4 |  1216
           D:5 |       0 |     237 |   0.0 |       0 |      12 |   0.0 |   631
           D:6 |      77 |     264 |  22.6 |       3 |       8 |  27.3 |   765
           D:7 |       0 |     231 |   0.0 |       0 |       6 |   0.0 |   187
               +---------+---------+-------+---------+---------+-------+---------
